Match 39802780
Unlisted

Match 39802780
End
Construct Infanterie Kompanie
Kettenkrad Recon Vehicle
MG 42 Machine Gun Team
Grenadier Squad
Grenadier Squad
Construct Luftwaffe Kompanie
221 Scout Car
Selects Terror Battlegroup
Selects Machine Gun Camouflage
Selects Heavy Gunnery
MG 42 Bunker
GrW 34 Mortar Team
Support Elements
Wirbelwind Flakpanzer
Medical Station
Side Skirts
Selects Defend the Fatherland
Marder III M Tank Destroyer
Grenadier Squad
Wirbelwind Flakpanzer
Marder III M Tank Destroyer
Marder III M Tank Destroyer
MG 42 Machine Gun Team
Construct Panzergrenadier Kompanie
Panzergrenadier Squad
Panzergrenadier Squad
Selects King Tiger Heavy Tank
Selects King Tiger Heavy Tank
King Tiger Heavy Tank
221 Scout Car
Pioneer Squad
Selects Interrogate
Selects Propaganda Leaflet Drop
Selects V1 Rocket Strike
V1 Rocket Strike
King Tiger Heavy Tank
V1 Rocket Strike
X-Skull
Tebby
SAS
민트초코감성
wila
Schogunist
Glow_景沐x
0
0

Comments sign in to comment!

No comments posted yet!